 Dungeon Crawl Stone Soup version 0.28.0-53-g5a82cb258f (webtiles) character file.

Game seed: 2588384543898407356

997 Ashen the Ogre Mage (level 8, -2/75 HPs)
             Began as an Ogre Ice Elementalist on June 29, 2022.
             Was an Initiate of Vehumet.
             Shot with an arrow by a centaur (11 damage)
             ... on level 6 of the Dungeon.
             The game lasted 00:11:27 (7233 turns).

Ashen the Ogre Mage (Ogre Ice Elementalist)         Turns: 7233, Time: 00:11:27

Health: -2/75      AC:  4    Str: 19    XL:     8   Next: 19%
Magic:  3/16       EV: 10    Int: 18    God:    Vehumet [......]
Gold:   370        SH:  0    Dex:  9    Spells: 2/18 levels left

rFire   . . .      SeeInvis .   l - +0 morningstar
rCold   . . .      Faith    .   (no shield)
rNeg    . . .      Spirit   .   a - +0 robe
rPois   .          Reflect  .   (helmet restricted)
rElec   .          Harm     .   x - +0 cloak
rCorr   .          Rampage  .   (gloves unavailable)
Will    .....                   (boots unavailable)
Stlth   ++........              (no amulet)
HPRegen 0.22/turn               e - +6 ring of strength
MPRegen 0.15/turn               (no ring)

@: flying
A: large, unfitting armour, tough skin 1
a: Renounce Religion


You were on level 6 of the Dungeon.
You worshipped Vehumet.
Vehumet was noncommittal.
You visited 2 branches of the dungeon, and saw 8 of its levels.

You collected 370 gold pieces.

Inventory:

Hand Weapons
 l - a +0 morningstar (weapon)
 o - a +0 whip of draining
 y - a +0 giant club
Missiles
 f - 7 poisoned darts
Armour
 a - a +0 robe (worn)
 x - a +0 cloak (worn)
Jewellery
 e - a +6 ring of strength (left hand)
 C - an amulet of magic regeneration
Wands
 v - a wand of flame (10)
 z - a wand of digging (5)
Scrolls
 c - 4 scrolls of magic mapping {unknown}
 d - a scroll of amnesia {unknown}
 g - 2 scrolls of blinking {unknown}
 h - 2 scrolls of teleportation {unknown}
 i - a scroll of enchant armour {unknown}
 j - a scroll of silence {unknown}
 k - a scroll of fog {unknown}
 m - 2 scrolls of immolation {unknown}
 t - 4 scrolls of identify {unknown}
 u - a scroll of brand weapon {unknown}
 D - a scroll of enchant weapon {unknown}
Potions
 b - 2 potions of flight
 n - 2 potions of heal wounds {unknown}
 p - a potion of resistance {unknown}
 q - a potion of lignification {unknown}
 r - 3 potions of might {unknown}
 s - a potion of curing {unknown}
 w - a potion of invisibility {unknown}
 A - a potion of haste {unknown}
 B - a potion of berserk rage {unknown}


   Skills:
 + Level 3.5 Fighting
 + Level 2.4 Maces & Flails
 + Level 3.5 Dodging
 + Level 3.2 Stealth
 * Level 5.6 Spellcasting
 + Level 2.1 Conjurations
 + Level 4.8 Ice Magic


You had 2 spell levels left.
You knew the following spells:

 Your Spells              Type           Power      Damage    Failure   Level
a - Freeze                Ice            88%        1d10      1%          1
b - Frozen Ramparts       Ice            44%        1d6       4%          3
c - Ozocubu's Armour      Ice            22%        N/A       4%          3
d - Hailstorm             Conj/Ice       17%        3d6       30%         4
e - Poisonous Vapours     Pois/Air       10%        N/A       19%         2
f - Mephitic Cloud        Conj/Pois/Air  7%         N/A       28%         3

Your spell library contained the following spells:

 Spells                   Type           Power      Damage    Failure   Level
 Magic Dart               Conj           48%        1d5       5%          1
 Sting                    Tmut/Pois      20%        1d4       13%         1
 Call Imp                 Summ           5%         N/A       19%         2
 Corpse Rot               Necr/Air       10%        N/A       19%         2
 Olgreb's Toxic Radiance  Pois           5%         N/A       77%         4


Dungeon Overview and Level Annotations

Branches:
Dungeon (7/15)             Temple (1/1) D:5

Altars:
Ashenzari
Cheibriados
Dithmenos
Fedhas
Gozag
Hepliaklqana
Kikubaaqudgha
Makhleb
Nemelex Xobeh
Okawaru
Qazlal
Sif Muna
Trog
Uskayaw
Vehumet
Xom
Yredelemnul
The Shining One

Shops:
D:1 *

Annotations:
D:5 exclusion: oklob plant


Innate Abilities, Weirdness & Mutations

You are too large for most types of armour.
You have tough skin. (AC +1)


Message History

Your icy armour cracks and falls away as you move.
Your magical contamination has completely faded away.
You completely miss the phantom.
The phantom is heavily damaged.
The phantom hits you.
The phantom blinks!
You blink.
The phantom hits you!
You closely miss the phantom.
The phantom is moderately damaged.
The centaur unwields a +0 shortbow.
The centaur closely misses you.
The centaur kicks you but does no damage.
The phantom hits you but does no damage.
The centaur wields a +0 shortbow.
The centaur shoots an arrow.
The arrow closely misses you. The phantom hits you.
The phantom blinks!
You blink.
The phantom closely misses you.
The centaur unwields a +0 shortbow.
The centaur closely misses you. The centaur barely misses you.
The centaur hits you.
The centaur kicks you but does no damage.
The centaur closely misses you.
The centaur kicks you but does no damage.
The centaur hits you. The centaur completely misses you.
The centaur wields a +0 shortbow.
The centaur shoots an arrow.
The arrow hits you.
* * * LOW HITPOINT WARNING * * *
There is an escape hatch in the ceiling here.
The centaur unwields a +0 shortbow.
The centaur hits you but does no damage.
The centaur kicks you but does no damage.
The phantom hits you.
* * * LOW HITPOINT WARNING * * *
A mysterious force pulls you upwards. The hatch slams shut behind you.
It was a potion of flight.
You feel very buoyant.
You fly up into the air.
The centaur hits you.
* * * LOW HITPOINT WARNING * * *
The centaur kicks you but does no damage.
The phantom hits you.
* * * LOW HITPOINT WARNING * * *
The phantom blinks!
You blink.
The centaur wields a +0 shortbow.
The centaur shoots an arrow.
The arrow hits you!
You die...

##.# #.##...# #........#
.#.########'###### ##########
.#.#..........#
...'..........#
...#..........############
...#.....................#
...##########............#
...# #............# ##.#######
#...@W.......# #>......#
#............#
#######.####............######
#.#.....###............#
#.#.....###............#
#.#..c.................#
#....ยงยง................#
###....................#
#....................#


You could see a phantom and a centaur.

Vanquished Creatures
  A sky beast (D:5)
  2 necrophages
  2 ogres
  A centaur (D:6)
  A scorpion (D:4)
  A killer bee (D:6)
  2 howler monkeys (D:7)
  A centaur zombie (D:6)
  A bullfrog zombie (D:6)
  A centaur skeleton (D:6)
  A scorpion zombie (D:5)
  2 iguanas
  A killer bee zombie (D:6)
  A howler monkey skeleton (D:5)
  An adder (D:2)
  A shadow imp (D:6)
  A dart slug (D:1)
  8 orcs
  4 endoplasms
  4 giant cockroaches
  12 goblins
  10 hobgoblins
  2 jackals (D:4)
  8 kobolds
  8 quokkas
  8 ball pythons
  5 bats
  8 frilled lizards
  7 rats
105 creatures vanquished.

Notes
Turn   | Place    | Note
-------+----------+-------------------------------------------
     0 | D:1      | Ashen the Ogre Ice Elementalist began the quest for the
                  | Orb.
     0 | D:1      | Reached XP level 1. HP: 16/16 MP: 3/3
    31 | D:1      | Found Aviwec's General Store.
   234 | D:1      | Reached XP level 2. HP: 19/24 MP: 0/5
   967 | D:1      | Reached XP level 3. HP: 31/31 MP: 2/7
  1306 | D:2      | Reached skill level 3 in Spellcasting
  1634 | D:2      | Learned a level 3 spell: Frozen Ramparts
  1638 | D:2      | Learned a level 3 spell: Ozocubu's Armour
  2238 | D:3      | Reached XP level 4. HP: 32/39 MP: 4/8
  2659 | D:3      | Found a faded altar of an unknown god.
  2707 | D:3      | Found an ancient bone altar of Kikubaaqudgha.
  3189 | D:4      | Found an opulent altar of Gozag.
  3301 | D:4      | Noticed a scorpion
  3316 | D:4      | Killed a scorpion
  3317 | D:4      | Reached skill level 1 in Fighting
  3317 | D:4      | Reached XP level 5. HP: 45/48 MP: 1/10
  3669 | D:4      | Learned a level 4 spell: Hailstorm
  3671 | D:4      | Found a shimmering blue altar of Sif Muna.
  4022 | D:4      | Noticed an ogre
  4048 | D:4      | Killed an ogre
  4049 | D:4      | Reached skill level 1 in Maces & Flails
  4049 | D:4      | Reached skill level 4 in Spellcasting
  4049 | D:4      | Reached XP level 6. HP: 54/57 MP: 4/12
  4148 | D:5      | Entered Level 5 of the Dungeon
  4234 | D:5      | Learned a level 2 spell: Poisonous Vapours
  4271 | D:5      | Found a blossoming altar of Fedhas.
  4294 | D:5      | Noticed an oklob plant
  4682 | D:5      | Noticed a sky beast
  4693 | D:5      | Killed a sky beast
  4694 | D:5      | Reached skill level 1 in Conjurations
  4804 | D:5      | Found a staircase to the Ecumenical Temple.
  4825 | D:5      | Reached XP level 7. HP: 60/66 MP: 13/13
  4883 | Temple   | Entered the Ecumenical Temple
  5139 | Temple   | Became a worshipper of Vehumet
  6115 | D:6      | Reached skill level 5 in Spellcasting
  6465 | D:6      | Reached XP level 8. HP: 64/75 MP: 13/16
  7024 | D:6      | Learned a level 3 spell: Mephitic Cloud
  7191 | D:7      | Identified the +1 ring mail "Buch" {rPois rC- rCorr Str+2}
  7233 | D:6      | Shot with an arrow by a centaur

Illustrated notes

Levels and vault maps discovered:
D:1:      minmay_arrival_glassed_features, layout_loops_ring, serial_shops, shop
D:2:      layout_loops_ring, hangedman_abyss_or_decor_stabs, minmay_hexomino_c4
D:3:      layout_loops_corners, nicolae_kikubaaqudgha_miasma_corner,
          ebering_ecumenical_altar_rust, guppyfry_early_orc_mine
D:4:      layout_loops_ring, nicolae_gozag_seed_capital, tgw_sif
D:5:      layout_cave_pods, tgw_fedhas, minmay_temple_entry_gardened_gates,
          portal_sewer_entry_f
D:6:      layout_basic
D:7:      layout_rooms, mainiacjoe_overflow_surrounded_room,
          nrook_mini_backslash
Temple:   minmay_temple_curvy_branch

Skill      XL: |  1  2  3  4  5  6  7  8 |
---------------+-------------------------+-----
Dodging        | 2 3 |  3.5
Spellcasting   | 3 4 5 |  5.6
Stealth        | 2 3 |  3.2
Ice Magic      | 4 |  4.8
Fighting       | 1 2 3 |  3.5
Maces & Flails | 1 2 |  2.4
Conjurations   | 1 2 |  2.1

Action                   |  1- 3 |  4- 6 |  7- 9 || total
-------------------------+-------+-------+-------++-------
Melee: Unarmed           |    43 |       |       ||    43
       Whip              |     2 |   107 |    16 ||   125
       Punch             |       |     2 |     4 ||     6
       Morningstar       |       |       |    91 ||    91
 Cast: Freeze            |    61 |     4 |     6 ||    71
       Frozen Ramparts   |     1 |     3 |     4 ||     8
       Ozocubu's Armour  |       |     2 |     8 ||    10
  Use: Potion            |       |       |     1 ||     1
 Stab: Sleeping          |     4 |     4 |     4 ||    12
Armor: Robe              |    26 |    27 |    72 ||   125
Dodge: Dodged            |    41 |    45 |    72 ||   158
